 Dungeon Crawl Stone Soup version 0.30-a0-718-geaa24f58ff (webtiles) character file.

Game seed: 13229198923605606901

601 mandoloar the Trooper (level 7, -4/66 HPs)
             Began as a Minotaur Fighter on Jan 25, 2023.
             Slain by a gnoll sergeant
             ... wielding a +0 trident
              (11 damage)
             ... on level 5 of the Dungeon.
             The game lasted 00:11:05 (4039 turns).

mandoloar the Trooper (Minotaur Fighter)            Turns: 4039, Time: 00:11:06

Health: -4/66      AC:  8    Str: 23    XL:     7   Next: 18%
Magic:  6/6        EV:  9    Int:  5    God:
Gold:   167        SH:  4    Dex:  9    Spells: 6/6 levels left

rFire   . . .      SeeInvis .    a - +0 war axe (flame)
rCold   . . .      Faith    .    c - +0 buckler
rNeg    . . .      Spirit   .    b - +0 scale mail
rPois   .          Reflect  .    (helmet restricted)
rElec   .          Harm     .    n - scarf {repulsion}
rCorr   .          Rampage  .    g - +0 pair of gloves
Will    .....                    (no boots) Stlth
                                 (no amulet)
HPRegen 0.31/turn                (no ring)
MPRegen 0.10/turn                (no ring)

@: repel missiles
A: horns 2, retaliatory headbutt
a: no special abilities


You were on level 5 of the Dungeon.
You visited 1 branch of the dungeon, and saw 5 of its levels.

You collected 167 gold pieces.

Inventory:

Hand Weapons
 a - a +0 war axe of flaming (weapon)
Missiles
 e - 43 stones (quivered)
Armour
 b - a +0 scale mail (worn)
 c - a +0 buckler (worn)
 g - a +0 pair of gloves (worn)
 n - a scarf of repulsion (worn)
Jewellery
 k - a ring of fire
Wands
 t - a wand of flame (17)
Scrolls
 f - a scroll of amnesia {unknown}
 r - a scroll of enchant weapon {unknown}
 s - a scroll of identify
 w - a scroll of acquirement {unknown}
Potions
 d - 2 potions of might
 h - 3 potions of curing
 i - a potion of berserk rage
 j - 2 potions of mutation
 l - 2 potions of lignification
 m - a potion of heal wounds
 o - a potion of brilliance {unknown}
 p - 2 potions of attraction {unknown}
 q - a potion of ambrosia {unknown}
 u - a potion of invisibility {unknown}
 v - a potion of magic {unknown}


   Skills:
 + Level 7.5 Fighting
 + Level 7.0 Axes
 - Level 3.6 Armour
 - Level 3.6 Shields


You had 6 spell levels left.
You didn't know any spells.
Your spell library contained the following spells:

 Spells                   Type           Power      Damage    Failure   Level
 Kiss of Death            Conj/Necr      0%         2d5       86%         1
 Ensorcelled Hibernation  Hex/Ice        0%         N/A       95%         2
 Passwall                 Tmut/Erth      0%         N/A       95%         2
 Confusing Touch          Hex            0%         N/A       99%         3
 Ozocubu's Armour         Ice            0%         N/A       99%         3
 Swiftness                Air            0%         N/A       99%         3
 Dispel Undead            Necr           0%         3d6       100%        4
 Metabolic Englaciation   Hex/Ice        0%         N/A       100%        5
 Simulacrum               Ice/Necr       0%         N/A       100%        6


Dungeon Overview and Level Annotations

Branches:
Dungeon (5/15)
 Temple: D:4-7

Altars:
Elyvilon


Innate Abilities, Weirdness & Mutations

You have a pair of horns on your head.
You reflexively headbutt those who attack you in melee.


Message History

The vampire bat bites you but does no damage.
The vampire bat bites you but does no damage.
The vampire bat attacks as you move away!
The vampire bat closely misses you.
The vampire bat bites you but does no damage. x2
You miss the vampire bat.
The vampire bat is moderately damaged.
The vampire bat barely misses you.
You barely miss the vampire bat.
The vampire bat is moderately damaged.
The vampire bat bites you.
The vampire bat draws strength from your injuries!
The vampire bat bites you.
The vampire bat draws strength from your injuries!
You block the vampire bat's attack. The gnoll hits you but does no damage.
The gnoll sergeant hits you from afar with a +0 trident.
* * * LOW HITPOINT WARNING * * *
The vampire bat misses you. You furiously retaliate!
You headbutt the vampire bat.
There is an open door here.
The vampire bat bites you but does no damage.
You block the vampire bat's attack.
The vampire bat bites you but does no damage.
The vampire bat bites you but does no damage.
The vampire bat attacks as you move away!
The vampire bat bites you.
* * * LOW HITPOINT WARNING * * *
The vampire bat draws strength from your injuries!
The vampire bat barely misses you. The vampire bat closely misses you.
You miss the vampire bat. Your headbutt misses the vampire bat.
The vampire bat is moderately damaged.
The vampire bat bites you but does no damage.
The gnoll hits you from afar with a +0 halberd!
* * * LOW HITPOINT WARNING * * *
The vampire bat bites you but does no damage.
The gnoll hits you with a +0 halberd.
* * * LOW HITPOINT WARNING * * *
The gnoll sergeant hits you from afar with a +0 trident!
You die...

#.....#.....#.....
#....##....##...# #
#..##....##.<.###.#
#...'......[[)..... .. ....
#...#.............. #. ...
##...#.[............ ###.##
.. ##....#....##...#####
......##.###+....########...#
.....g...#..##.g@## #.....
........##..##..gb# .......
......g..+..#.g...+ ........
#)g##..#...g## ###......
##'##..##...# #†.##..##...#
#..)....'...# #.......#...#
#.......#...#


You could see a gnoll sergeant, 3 gnolls and a vampire bat.

Vanquished Creatures
  An ice beast (D:4)
  A phantom (D:4)
  3 wights (D:4)
  3 orc priests (D:5)
  A hound (D:5)
  A gnoll (D:5)
  3 adders
  A shadow imp (D:5)
  An ufetubus (D:5)
  2 worms (D:2)
  A dart slug (D:1)
  8 orcs
  7 endoplasms
  3 giant cockroaches
  10 goblins
  4 hobgoblins
  10 jackals
  8 quokkas
  8 ball pythons
  8 bats
  3 frilled lizards
  5 kobolds
  3 rats
95 creatures vanquished.

Vanquished Creatures (others)
  A fungus (D:5)
1 creature vanquished.

Grand Total: 96 creatures vanquished

Notes
Turn   | Place    | Note
-------+----------+-------------------------------------------
     0 | D:1      | mandoloar the Minotaur Fighter began the quest for the Orb.
     0 | D:1      | Reached XP level 1. HP: 19/19 MP: 0/0
    37 | D:1      | Found a faded altar of an unknown god.
   130 | D:1      | Reached XP level 2. HP: 27/27 MP: 1/1
   758 | D:2      | Reached XP level 3. HP: 34/34 MP: 2/2
  1800 | D:3      | Reached skill level 5 in Fighting
  1800 | D:3      | Reached XP level 4. HP: 42/42 MP: 3/3
  2509 | D:4      | Noticed a phantom
  2535 | D:4      | Killed a phantom
  2536 | D:4      | Reached skill level 5 in Axes
  2536 | D:4      | Reached XP level 5. HP: 47/50 MP: 4/4
  2598 | D:4      | Noticed an ice beast
  2612 | D:4      | Killed an ice beast
  2816 | D:4      | Found a white marble altar of Elyvilon.
  2837 | D:4      | Reached XP level 6. HP: 56/57 MP: 5/5
  3063 | D:4      | Identified the +4 dagger of Woe {venom, rPois}
  3852 | D:5      | Entered Level 5 of the Dungeon
  3868 | D:5      | Reached XP level 7. HP: 63/66 MP: 6/6
  4039 | D:5      | Slain by a gnoll sergeant

Illustrated notes

Levels and vault maps discovered:
D:1:      saegor_arrival_simple_c, layout_rooms, serial_corexii_hall,
          corexii_hall_statues_i, corexii_hall_statues_l,
          corexii_hall_statues_x, corexii_hall_statues_u, basic_ecumenical_altar
D:2:      layout_loops_ring, minmay_splitting_lines
D:3:      layout_loops_cross, chequers_mini_garden
D:4:      nicolae_cairo_tiling_very_big, layout_basic, elyvilon_altar_4
D:5:      cheibrodos_barr_body, layout_gridville,
          mainiacjoe_overflow_cross_hatched, jmf_multi_god_temple2,
          minmay_temple_entry_statues, roderic_batcave

Skill      XL: |  1  2  3  4  5  6  7 |
---------------+----------------------+-----
Fighting       | 4 5 6 7 |  7.5
Axes           | 3 4 5 6 7 |  7.0
Armour         | |  3.6
Shields        | |  3.6

Action                     |  1- 3 |  4- 6 |  7- 9 || total
---------------------------+-------+-------+-------++-------
  Melee: War axe           |    89 |    85 |    34 ||   208
         Headbutt          |     9 |    12 |     5 ||    26
  Throw: Stone             |     1 |     2 |       ||     3
    Use: Scroll            |     6 |     4 |       ||    10
 Armour: Scale mail        |    47 |    33 |    27 ||   107
  Dodge: Dodged            |    44 |    31 |    39 ||   114
  Block: Buckler           |    15 |    20 |    14 ||    49

Table legend: (Time is in decaauts)
 A = Elapsed time spent in this place.
 B = Non-inter-level travel time spent in this place.
 C = Inter-level travel time spent in this place.
 D = Time resting spent in this place.
 E = Time spent auto-exploring this place.
 F = Levels seen in this place.
 G = Mean time per level.
                   A        B        C        D        E       F      G
               +--------+--------+--------+--------+--------+-----+--------+
         Total |   4103 |   3917 |    186 |    616 |   2645 |   5 |  820.6 |
       Dungeon |   4103 |   3917 |    186 |    616 |   2645 |   5 |  820.6 |
               +--------+--------+--------+--------+--------+-----+--------+

Top non-repeatable levels by time:
     D:4: 1372 daAuts
     D:2: 946 daAuts
     D:3: 822 daAuts
     D:1: 767 daAuts
     D:5: 193 daAuts
